 Dungeon Crawl Stone Soup version 0.20.1-1-g8b1a95d (webtiles) character file.

21492 Giltor the Unseen (level 12, -6/51 HPs)
             Began as a Spriggan Enchanter on July 14, 2017.
             Mangled by a catoblepas (17 damage)
             ... on level 3 of the Lair of Beasts on July 15, 2017.
             The game lasted 05:39:00 (19665 turns).

Giltor the Unseen (Spriggan Enchanter)             Turns: 19665, Time: 05:39:00

Health: -6/51      AC:  3    Str: 10    XL:     12   Next: 54%
Magic:  27/31      EV:  4    Int: 20    God:
Gold:   1312       SH:  0    Dex: 22    Spells: 5/23 levels left

rFire    . . .     SeeInvis +   t - +3 dagger (distort)
rCold    . . .     Gourm    .   (shield restricted)
rNeg     + + +     Faith    .   N - +1 robe of the Cooper {MR+ Str+2 Int+3}
rPois    ∞         Spirit   .   (helmet restricted)
rElec    .         Reflect  +   (no cloak)
rCorr    .         Harm     .   (gloves unavailable)
MR       +++..                  (boots unavailable)
Stlth    +++++++...             W - +5 amulet of reflection
Regen    0.2/turn               y - ring of magical power
MPRegen  0.3/turn               L - +5 ring of dexterity

@: petrified, very quick
A: unfitting armour, see invisible, herbivore 3, speed 3, slow metabolism 2
a: no special abilities


You were on level 3 of the Lair of Beasts.
You were full.

You visited 3 branches of the dungeon, and saw 15 of its levels.

You collected 1312 gold pieces.

Inventory:

Hand Weapons
 a - a +2 dagger
 r - a +4 long sword of freezing
 t - a +3 dagger of distortion (weapon)
 w - a +0 blowgun
 P - a +2 dagger of venom
Missiles
 j - 66 poisoned needles
 q - 17 curare-tipped needles
 A - 7 exploding tomahawks (quivered)
Armour
 N - the +1 robe of the Cooper (worn) {MR+ Str+2 Int+3}
   (You found it on level 8 of the Dungeon)

   It affects your strength (+2).
   It affects your intelligence (+3).
   It affects your resistance to hostile enchantments.
Magical Staves
 O - an uncursed staff of earth
Jewellery
 i - an uncursed ring of poison resistance
 m - an uncursed ring of stealth
 y - a ring of magical power (left hand)
 I - an uncursed ring of flight
 L - a +5 ring of dexterity (right hand)
 M - an uncursed ring of protection from cold
 W - a +5 amulet of reflection (around neck)
Wands
 f - a wand of flame (36/48)
 v - a wand of polymorph (10/24)
 D - a wand of acid (5/15)
 G - a wand of paralysis (13/24)
 S - a wand of iceblast (6/15)
 V - a wand of confusion (24/48)
 Z - a wand of iceblast (11/15)
Scrolls
 h - 3 scrolls of remove curse
 x - 3 scrolls of magic mapping
 B - a scroll of blinking
 C - a scroll of enchant armour
 E - a scroll of teleportation
 F - 2 scrolls of fog
 H - 4 scrolls of amnesia
 J - a scroll of recharging
 T - a scroll of fear {unknown}
 U - a scroll of torment
 Y - 2 scrolls of random uselessness {unknown}
Potions
 b - a potion of haste {unknown}
 g - a potion of invisibility
 k - 2 potions of resistance
 l - 3 potions of agility
 n - 10 potions of curing
 o - 3 potions of mutation
 s - 4 potions of lignification
 u - 2 potions of cancellation
 z - a potion of berserk rage {unknown}
 K - 5 potions of flight
 Q - a potion of might {unknown}
 X - a potion of heal wounds
Books
 c - a book of Maledictions

   Spells                             Type                      Level
   a - Corona                         Hexes                        1
   b - Ensorcelled Hibernation        Hexes/Ice                    2
   c - Confuse                        Hexes                        3
   d - Tukima's Dance                 Hexes                        3
   e - Dazzling Spray                 Conjuration/Hexes            3
 e - a book of Geomancy

   Spells                             Type                      Level
   a - Sandblast                      Earth                        1
   b - Passwall                       Transmutation/Earth          2
   c - Stone Arrow                    Conjuration/Earth            3
   d - Petrify                        Transmutation/Earth          4
   e - Lee's Rapid Deconstruction     Earth                        5
Comestibles
 d - 8 bread rations
 R - a royal jelly


   Skills:
 * Level 9.7 Short Blades
 - Level 2.0 Throwing
 - Level 10.1 Dodging
 - Level 17.0 Stealth
 - Level 6.1 Spellcasting
 - Level 11.0 Hexes
 - Level 3.0 Transmutations
 - Level 3.3 Ice Magic
 + Level 7.2 Earth Magic
 - Level 2.4 Evocations


You had 5 spell levels left.
You knew the following spells:

 Your Spells              Type           Power        Failure   Level  Hunger
a - Corona                Hex            ######.      1%          1    None
b - Ensorcelled Hibernat  Hex/Ice        ####..       1%          2    None
c - Tukima's Dance        Hex            ######..     1%          3    ##.....
d - Confuse               Hex            ######..     1%          3    ##.....
e - Lee's Rapid Deconstr  Erth           #####.....   14%         5    #####..
f - Petrify               Tmut/Erth      ####....     12%         4    ####...


Dungeon Overview and Level Annotations

Branches:
Dungeon (11/15)            Temple (1/1) D:4            Lair (3/6) D:11
  Swamp: Lair:2-4    Shoals: Lair:2-4     Snake: Lair:2-4    Spider: Lair:2-4
    Orc: D:9-12

Altars:
Ashenzari
Cheibriados
Elyvilon
Fedhas
Hepliaklqana
Kikubaaqudgha
Makhleb
Nemelex Xobeh
Okawaru
Sif Muna
Trog
Uskayaw
Vehumet
Xom
Yredelemnul
Zin
The Shining One


Innate Abilities, Weirdness & Mutations

You are very small and have problems with some larger weapons.
You are too small for most types of armour.
You have supernaturally acute eyesight. (SInv)
You are a herbivore.
You cover ground extremely quickly.
You need consume almost no food.


Message History

The elephant tramples you!
You hold your ground!
The elephant trunk-slaps you but does no damage.
You are engulfed in calcifying dust.
The elephant tramples you!!
You hold your ground!
The elephant trunk-slaps you.
The catoblepas smashes its foot into the ground.
The catoblepas breathes a plume of calcifying dust at you.
The blast of calcifying dust hits you!
* * * LOW HITPOINT WARNING * * *
The elephant barely misses you. x2; The elephant tramples something!
Something holds its ground!
The elephant trunk-slaps something but does no damage.
You hear a bellow!
You are engulfed in calcifying dust.
The elephant tramples you.
You hold your ground!
The elephant trunk-slaps you.
You are engulfed in calcifying dust.
The elephant tramples you.
* * * LOW HITPOINT WARNING * * *
You hold your ground!
The elephant trunk-slaps you.
* * * LOW HITPOINT WARNING * * *
You are engulfed in calcifying dust.
The catoblepas gores you!!
You die...

#.## ##..............# ##...
..P# #....#####P$..####.#.##.
.### ##..## ###..##.#.....#. .#
##.# # ##.#.#......#.# .##
##.###.#P#P.........#.# .P#
#P.#.................##... .###
##P...##.####.F..>.....#...
...###...#...##P##..P..........
.<...........§§.@Y..Y..##.....#.
#####.######.####YP###.##P..#...
### ## #####...Y.....##
##.......Y.. #......### ########


You could see a catoblepas, 2 elephants and a bullfrog.

Vanquished Creatures
  An ice dragon (D:11)
  Josephine (D:11)
  A hydra (Lair:2)
  The ghost of zebratul the Cleaver, a novice MiCK of Xom (D:10)
  2 wizards (D:10)
  An orc sorcerer (D:10)
  4 elephants (Lair:2)
  A centaur zombie (D:10)
  Joseph (D:8)
  Psyche (D:11)
  A gargoyle (D:11)
  A spiny frog (Lair:1)
  3 komodo dragons
  The ghost of xash the Chiller, a novice BaIE (D:6)
  A rime drake (Lair:2)
  A queen bee (D:7)
  A polar bear (Lair:2)
  Grinder (D:6)
  4 hippogriffs (Lair:1)
  3 spriggans
  3 wraiths (D:11)
  17 yaks
  2 hungry ghosts
  A soldier ant (D:11)
  3 porcupines
  3 water moccasins
  5 orc warriors
  3 sky beasts
  5 black bears
  An ice beast (D:10)
  An eye of draining (D:10)
  2 phantoms
  9 wolves
  A necrophage (D:8)
  A centaur (D:8)
  8 ogres
  5 crocodiles
  2 big kobolds
  11 bullfrogs
  A gnoll sergeant (D:8)
  A wyvern skeleton (D:11)
  A water moccasin zombie (D:10)
  4 scorpions
  17 killer bees
  6 howler monkeys
  7 wights (D:11)
  6 crimson imps
  3 jellies
  A quasit (D:9)
  2 orc priests
  5 hounds
  A gnoll shaman (D:6)
  3 bullfrog zombies
  Jessica (D:2)
  4 orc wizards
  3 iguanas
  10 worker ants
  A hound skeleton (D:10)
  A howler monkey zombie (D:7)
  2 worker ant zombies
  11 gnolls
  11 adders
  4 shadow imps
  9 oozes
  4 adder skeletons
  3 worms
  12 dart slugs
  5 leopard geckos
  17 orcs
  A ball python (D:3)
  9 bats
  5 giant cockroaches
  3 goblins
  7 hobgoblins
  9 jackals
  21 kobolds
  2 quokkas
  6 frilled lizards
  A leopard gecko skeleton (D:6)
  2 quokka zombies
  9 rats
  6 plants
351 creatures vanquished.

Vanquished Creatures (collateral kills)
  A killer bee (D:8)
  2 wights (D:11)
  An orc (D:10)
  A kobold (D:9)
5 creatures vanquished.

Vanquished Creatures (others)
  2 fungi
  28 plants
  7 toadstools (D:4)
37 creatures vanquished.

Grand Total: 393 creatures vanquished

Notes
Turn   | Place    | Note
-------+----------+-------------------------------------------
     0 | D:1      | Giltor the Spriggan Enchanter began the quest for the Orb.
     0 | D:1      | Reached XP level 1. HP: 9/9 MP: 5/5
   196 | D:1      | Reached skill level 5 in Stealth
   477 | D:1      | Reached XP level 2. HP: 8/13 MP: 2/6
   499 | D:1      | Learned a level 2 spell: Ensorcelled Hibernation
  1080 | D:1      | Reached XP level 3. HP: 16/16 MP: 2/8
  1149 | D:1      | Reached skill level 1 in Ice Magic
  1770 | D:1      | Learned a level 3 spell: Tukima's Dance
  1795 | D:2      | Noticed Jessica
  1800 | D:2      | Killed Jessica
  1800 | D:2      | Reached skill level 6 in Stealth
  1800 | D:2      | Reached XP level 4. HP: 21/21 MP: 9/9
  2137 | D:2      | Reached skill level 7 in Stealth
  2972 | D:3      | You fall through a shaft for 3 floors!
  3083 | D:6      | Noticed an orc warrior
  3085 | D:6      | Killed an orc warrior
  3085 | D:6      | Reached XP level 5. HP: 17/24 MP: 10/10
  3372 | D:5      | Entered Level 5 of the Dungeon
  3677 | D:6      | Noticed a phantom
  3685 | D:6      | Killed a phantom
  3685 | D:6      | Reached skill level 8 in Stealth
  3685 | D:6      | Reached XP level 6. HP: 28/28 MP: 11/11
  3715 | D:6      | Reached skill level 9 in Stealth
  3915 | D:6      | Reached XP level 7. HP: 32/32 MP: 9/12
  4182 | D:6      | Noticed Grinder
  4188 | D:6      | Learned a level 3 spell: Confuse
  4189 | D:6      | Noticed xash's ghost (novice BaIE)
  4195 | D:6      | Killed Grinder
  4195 | D:6      | Reached skill level 11 in Stealth
  5539 | D:5      | Reached skill level 5 in Dodging
  5609 | D:5      | Reached XP level 8. HP: 36/36 MP: 2/13
  5990 | D:4      | You fall through a shaft for 2 floors!
  6051 | D:6      | Killed xash's ghost
  7022 | D:4      | Reached skill level 1 in Throwing
  7254 | D:4      | Found a staircase to the Ecumenical Temple.
  7275 | Temple   | Entered the Ecumenical Temple
  7502 | D:3      | Reached skill level 5 in Short Blades
  7757 | D:3      | You fall through a shaft for 3 floors!
  8449 | D:3      | Found an iron altar of Okawaru.
  8457 | D:3      | Found a snail-covered altar of Cheibriados.
  8938 | D:7      | Got a polished halberd
  9416 | D:7      | Reached skill level 12 in Stealth
  9416 | D:7      | Reached XP level 9. HP: 39/39 MP: 11/14
  9886 | D:8      | Noticed a queen bee
 10187 | D:7      | Killed a queen bee
 10614 | D:8      | Got a faintly humming robe
 10640 | D:8      | Noticed Joseph
 10805 | D:7      | Identified the +1 robe of the Cooper {MR+ Str+2 Int+3} (You found it on level 8 of the Dungeon)
 10826 | D:8      | Killed Joseph
 11028 | D:8      | Got a bloodstained war axe
 11284 | D:8      | Reached XP level 10. HP: 44/44 MP: 15/15
 11475 | D:9      | Reached skill level 13 in Stealth
 12189 | D:9      | Reached skill level 14 in Stealth
 12718 | D:10     | Entered Level 10 of the Dungeon
 12779 | D:10     | Noticed a wizard
 12786 | D:10     | Noticed a wizard
 12789 | D:10     | Noticed an orc sorcerer
 13136 | D:10     | Noticed zebratul's ghost (novice MiCK)
 13150 | D:10     | Killed zebratul's ghost
 13737 | D:10     | Reached skill level 5 in Spellcasting
 14051 | D:10     | Killed a wizard
 14051 | D:10     | Reached XP level 11. HP: 47/47 MP: 2/21
 14125 | D:10     | Reached skill level 10 in Dodging
 14457 | D:10     | Identified the cursed +3 war axe of Goeczoin {pain, rElec rF++ rN+ MP+9} (You found it on level 8 of the Dungeon)
 14469 | D:10     | Learned a level 5 spell: Lee's Rapid Deconstruction
 14474 | D:10     | Learned a level 4 spell: Petrify
 14534 | D:10     | Reached skill level 10 in Hexes
 14567 | D:10     | Killed an orc sorcerer
 14860 | D:10     | Killed a wizard
 15839 | D:11     | Noticed Josephine
 15856 | D:11     | Killed Josephine
 15856 | D:11     | Reached skill level 5 in Earth Magic
 16557 | D:11     | Noticed an ice dragon
 16573 | D:11     | Killed an ice dragon
 16869 | D:11     | Noticed Psyche
 16870 | D:11     | Found a staircase to the Lair.
 16892 | D:11     | Killed Psyche
 16918 | Lair:1   | Entered Level 1 of the Lair of Beasts
 17045 | Lair:1   | Reached skill level 15 in Stealth
 17045 | Lair:1   | Reached XP level 12. HP: 51/51 MP: 22/22
 17660 | Lair:1   | Found a burning altar of Makhleb.
 17706 | Lair:1   | Reached skill level 16 in Stealth
 18567 | Lair:2   | Noticed an eight-headed hydra
 18575 | Lair:2   | Killed an eight-headed hydra
 19125 | Lair:2   | Reached skill level 17 in Stealth
 19640 | Lair:3   | Noticed a catoblepas
 19665 | Lair:3   | Mangled by a catoblepas

Skill      XL: |  1  2  3  4  5  6  7  8  9 10 11 12 |
---------------+-------------------------------------+-----
Stealth        | 5 6 7 8 9 11 12 14 15 17 | 17.0
Short Blades   | 2 4 5 9 |  9.7
Ice Magic      | 1 3 |  3.3
Hexes          | 4 7 9 10 11 | 11.0
Spellcasting   | 3 6 |  6.1
Evocations     | 2 |  2.4
Dodging        | 6 7 9 10 | 10.1
Throwing       | 2 |  2.0
Transmutations | 3 |  3.0
Earth Magic    | 7 |  7.2

Action                   |  1- 3 |  4- 6 |  7- 9 | 10-12 || total
-------------------------+-------+-------+-------+-------++-------
Melee: Dagger            |    70 |    87 |   280 |   393 ||   830
 Cast: Corona            |     7 |       |       |       ||     7
       Ensorcelled Hiber |    24 |    35 |   124 |   177 ||   360
       Tukima's Dance    |       |     2 |       |    15 ||    17
       Confuse           |       |       |    42 |   100 ||   142
Evoke: Wand              |       |       |     1 |     5 ||     6
  Use: Scroll            |     2 |     6 |    11 |    12 ||    31
       Potion            |       |       |     5 |     1 ||     6
 Stab: Sleeping          |    20 |    35 |    77 |    94 ||   226
       Confused          |       |       |    17 |    53 ||    70
       Distracted        |       |       |     4 |     4 ||     8
       Petrifying        |       |       |       |     1 ||     1
  Eat: Bread ration      |       |     1 |     2 |       ||     3
       Fruit             |       |     3 |       |     3 ||     6
       Royal jelly       |       |       |     4 |     7 ||    11
Armor: Robe              |     9 |     4 |     5 |    12 ||    30
Dodge: Dodged            |    39 |    45 |   174 |   195 ||   453
Block: Other             |       |       |       |    22 ||    22
